 Dungeon Crawl Stone Soup version 0.13.0-18-g7b03ea5 (webtiles) character file.

41348 Deemzul the Black Belt (level 14, -14/97 HPs)
             Began as an Octopode Monk on Oct 23, 2013.
             Was an Elder of Okawaru.
             Demolished by a tentacle (21 damage)
             ... attached to a kraken
             ... on Level 1 of the Shoals.
             The game lasted 01:04:36 (19661 turns).

Deemzul the Black Belt (Octopode Monk)             Turns: 19661, Time: 01:04:36

HP -14/97        AC  8     Str 12      XL: 14   Next:  9%
MP  26/27        EV 20     Int 12      God: Okawaru [****..]
Gold 1246        SH 28     Dex 18      Spells:  0 memorised, 13 levels left

Res.Fire  : + . .   See Invis. : +     - Unarmed
Res.Cold  : . . .   Warding    : .   v - +1 shield {reflect}
Life Prot.: . . .   Conserve   : .   E - +1 wizard hat
Res.Poison: .       Res.Corr.  : .   c - amulet of clarity
Res.Elec. : .       Clarity    : +   e - ring of flight
Sust.Abil.: + .     Spirit.Shd : .   r - +6 ring of protection
Res.Mut.  : .       Stasis     : .   t - ring of protection from magic
Res.Rott. : .       Flight     : .   y - ring of see invisible
Saprovore : . . .                    A - ring of protection from fire
                                     C - ring of sustain abilities
                                     (no ring)
                                     (no ring)

@: very slightly contaminated, hasted, heroism, very quick, very resistant to
hostile enchantments, extraordinarily stealthy
A: almost no armour, amphibious, 8 rings, constrict 8, camouflage 1, magic
resistance 1, AC +1
a: Heroism, Renounce Religion, Evoke Flight


You were on level 1 of the Shoals.
You worshipped Okawaru.
Okawaru was greatly pleased with you.
You were not hungry.

You visited 5 branches of the dungeon, and saw 25 of its levels.
You also visited: Ice Cave.

You collected 1246 gold pieces.

Inventory:

Hand weapons
 F - a +6 blowgun
Missiles
 i - 15 darts of flame (quivered)
 k - 58 poisoned needles
Armour
 v - a +1 shield of reflection (worn)
 E - a +1 wizard hat (worn)
 N - a +3 dwarven shield of protection
Magical devices
 z - a wand of slowing (10)
 B - a wand of paralysis (7)
 G - a wand of flame (8)
 I - a wand of flame (3)
 J - a wand of lightning (5)
 L - a wand of fireball (4)
 R - a wand of hasting (5)
 S - a wand of cold (4)
 W - a wand of digging (13)
Comestibles
 b - 10 bread rations
 d - a royal jelly
 g - 6 sultanas
 p - 5 meat rations
 q - 9 honeycombs
 s - 10 grapes
Scrolls
 h - 3 scrolls of identify
 n - 3 scrolls of remove curse
 u - 4 scrolls of teleportation
 H - 3 scrolls of fog
 K - 5 scrolls of fear
 Q - a scroll of silence
 T - 2 scrolls of magic mapping
Jewellery
 c - an amulet of clarity (around mantle)
 e - a ring of flight (left tentacle)
 r - a +6 ring of protection (right tentacle)
 t - a ring of protection from magic (on tentacle)
 x - an uncursed ring of teleportation
 y - a ring of see invisible (on tentacle)
 A - a ring of protection from fire (on tentacle)
 C - a ring of sustain abilities (on tentacle)
Potions
 a - 4 potions of restore abilities
 f - 3 potions of curing
 j - a potion of beneficial mutation {unknown}
 l - 2 potions of agility
 O - 3 potions of might
Books
 m - a book of Wizardry

   Spells                             Type                      Level
   Summon Elemental                   Summoning                    4
   Agony                              Necromancy                   5
   Force Lance                        Conjuration                  5
   Fireball                           Conjuration/Fire             5
   Haste                              Charms                       6
   Invisibility                       Hexes                        6
Miscellaneous
 w - a phial of floods


   Skills:
 + Level 11.5(16.5) Fighting
 + Level 5.4(10.4) Dodging
 + Level 8.6(13.6) Stealth
 - Level 9.7(14.7) Shields
 * Level 15.3(20.3) Unarmed Combat
 - Level 10.0 Evocations


You had 13 spell levels left.
You didn't know any spells.

Dungeon Overview and Level Annotations

Branches:
Dungeon (14/27)            Temple (1/1) D:5             Orc (3/4) D:6
   Lair (6/8) D:11         Shoals (1/5) Lair:3       Spider (0/5) Lair:3
    Elf: Orc:3-4      Slime: Lair:6-8

Altars:
Ashenzari
Cheibriados
Elyvilon
Kikubaaqudgha
Nemelex Xobeh
Okawaru
Yredelemnul
Zin
the Shining One

Shops:
D:13 [

Annotations:
D:14 Nikola
Orc:3 Erolcha


Innate Abilities, Weirdness & Mutations

You cannot wear most types of armour.
You are amphibious.
You can wear up to eight rings at the same time.
You can use your tentacles to constrict many enemies at once.
Your skin changes colour to match your surroundings (Stlth).
Your rubbery body absorbs attacks (AC +1).
You are resistant to hostile enchantments.


Message History

Drink which item? (? for menu, Esc to quit)
Okay, then.
Unknown command.
Use which ability? (? or * to list)
Okay, then.
Unknown command.
Unknown command.
Press: ? - help, v - describe, . - travel
Here: a kraken (water, moderately wounded) Some deep water.
Drink which item? (? for menu, Esc to quit)
Okay, then.
Unknown command.
Evoke which item? (* to show all) (? for menu, Esc to quit)
Zapping:
R - a wand of hasting (6)
Press: ? - help, Shift-Dir - straight line, f - you You feel yourself speed up.
You are very lightly contaminated with residual magic.
This wand has 5 charges left.
The tentacle slaps you!
You die...

≈≈≈<≈≈....####
..)..........###..
###........≈≈>..... #
#####...≈≈≈...... .
#######(..≈≈≈≈..... ≈≈.
.......≈≈≈≈≈....... .≈.#
.....≈≈≈≈....≈.# ....#
#).≈≈≈≈≈≈......###....##.
#..≈≈≈≈≈≈....)..@).......
#..≈≈....≈.....w.w.......
..........###.c*.*..≈...
..........# #...*.*../##
≈P≈≈......# #....*.*..#
≈≈≈≈≈.....# #...≈≈**≈≈.
≈≈≈≈≈....## ...≈.≈X≈≈≈
≈≈≈≈≈..### ....≈≈≈≈≈≈
........ ..≈≈≈≈


You could see a kraken, 2 tentacles and a centaur.

Vanquished Creatures
  Gastronok (Lair:2)
  An orc warlord (Orc:2)
  The ghost of Deemzul the Fighter, a powerful DsMo of Okawaru (Lair:4)
  The ghost of Econoterrorist the Grappler, a powerful TrMo of Makhleb (Lair:1)
  3 hydras
  3 death yaks (Lair:6)
  5 spectral orcs
  Urug (D:11)
  Nergalle (D:11)
  An unseen horror (D:11)
  A griffon (D:13)
  An orc knight (Orc:2)
  2 hill giants (D:13)
  12 elephants
  2 cyclopes
  A black mamba (Lair:5)
  3 spiny frogs
  Psyche (D:9)
  A troll (D:13)
  A queen bee (D:13)
  4 komodo dragons
  3 snapping turtles (Shoals:1)
  5 blink frogs (Lair:1)
  A slime creature (D:12)
  A trapdoor spider (shapeshifter) (D:13)
  A hill giant zombie (D:13)
  9 ugly things
  4 basilisks
  2 wyverns
  An elephant slug (Lair:3)
  11 yaks (Lair:1)
  4 hippogriffs
  5 hungry ghosts
  2 sharks (Shoals:1)
  4 merfolk (Shoals:1)
  9 wolves
  A necrophage (D:9)
  3 manticores
  3 black bears
  7 phantoms
  3 porcupines
  17 orc warriors
  A sky beast (D:11)
  11 centaurs
  6 ice beasts (IceCv)
  4 ogres
  Sigmund (D:7)
  Duvessa (D:9)
  6 crocodiles
  A big kobold (D:14)
  A giant slug (Lair:3)
  A brain worm (D:13)
  A cyclops zombie (D:14)
  8 giant frogs
  6 agate snails
  5 water moccasins
  24 killer bees
  A yak skeleton (D:9)
  A troll skeleton (D:11)
  8 wights
  7 crimson imps
  A vampire bat (Orc:2)
  A giant frog zombie (D:13)
  Dowan (D:9)
  2 goliath beetles (D:9)
  5 hounds
  9 orc priests
  4 jellies
  A giant frog skeleton (D:4)
  23 orc wizards
  10 iguanas
  2 scorpions
  An orange rat (D:11)
  11 worker ants
  6 sheep (Lair:1)
  Ijyb (D:4)
  An ogre skeleton (D:5)
  A hound skeleton (D:7)
  3 gnolls (D:7)
  22 green rats
  15 adders
  12 white imps (Lair:1)
  6 giant centipedes
  An inept feature mimic (D:7)
  7 worms
  6 oozes
  112 orcs
  3 ball pythons
  A bat zombie (D:7)
  3 giant cockroaches
  17 hobgoblins
  19 jackals
  37 bats
  11 giant geckos
  A giant gecko skeleton (D:7)
  6 giant newts
  A giant spore (D:10)
  13 goblins
  3 hobgoblin skeletons
  A hobgoblin zombie (D:6)
  15 kobolds
  An orc zombie (D:9)
  8 quokkas
  15 rats
  16 ballistomycetes
  7 fungi
  A tentacle (Shoals:1)
680 creatures vanquished.

Vanquished Creatures (others)
  A kobold (D:14)
  A giant spore (D:7)
  3 plants (Lair:6)
  A tentacle (Shoals:1)
  73 tentacle segments (Shoals:1)
79 creatures vanquished.

Grand Total: 759 creatures vanquished

Notes
Turn   | Place    | Note
--------------------------------------------------------------
     0 | D:1      | Deemzul, the Octopode Monk, began the quest for the Orb.
     0 | D:1      | Reached XP level 1. HP: 14/14 MP: 0/0
   120 | D:1      | Reached XP level 2. HP: 9/19 MP: 1/1
   140 | D:1      | Found a glowing golden altar of the Shining One.
   571 | D:2      | Reached XP level 3. HP: 17/25 MP: 2/2
   937 | D:2      | Reached XP level 4. HP: 27/30 MP: 3/3
  1166 | D:2      | Reached skill level 5 in Unarmed Combat
  2046 | D:4      | Reached skill level 1 in Shields
  2049 | D:4      | Reached XP level 5. HP: 20/36 MP: 4/4
  2050 | D:4      | Found a basalt altar of Yredelemnul.
  2229 | D:4      | Noticed Ijyb
  2236 | D:4      | Killed Ijyb
  2454 | D:4      | Reached XP level 6. HP: 33/42 MP: 5/5
  2577 | D:4      | Noticed a phantom
  2596 | D:4      | Killed a phantom
  2596 | D:4      | Reached skill level 6 in Unarmed Combat
  2726 | D:4      | Gained mutation: Your digestive system is specialised to digest meat. [potion of mutation]
  2726 | D:4      | Gained mutation: You are robust (+10% HP). [potion of mutation]
  2726 | D:4      | Gained mutation: Your body is slowly deteriorating. [potion of mutation]
  2773 | D:5      | Entered Level 5 of the Dungeon
  2773 | D:5      | Found a staircase to the Ecumenical Temple.
  2783 | Temple   | Entered the Ecumenical Temple
  2795 | Temple   | Became a worshipper of Warmaster Okawaru
  2795 | Temple   | Acquired Okawaru's first power
  2964 | D:5      | Reached XP level 7. HP: 47/51 MP: 6/6
  3176 | D:5      | Reached skill level 5 in Fighting
  3392 | D:6      | Found an ancient bone altar of Kikubaaqudgha.
  3619 | D:6      | Reached skill level 7 in Unarmed Combat
  4077 | D:6      | Reached XP level 8. HP: 38/59 MP: 7/7
  4351 | D:7      | Reached skill level 8 in Unarmed Combat
  4416 | D:7      | Noticed Sigmund
  4424 | D:7      | Killed Sigmund
  4811 | D:7      | Reached skill level 5 in Shields
  4811 | D:7      | Reached skill level 9 in Unarmed Combat
  4811 | D:7      | Reached XP level 9. HP: 52/66 MP: 8/8
  5883 | D:9      | Reached skill level 10 in Unarmed Combat
  6042 | D:9      | Noticed Duvessa
  6043 | D:9      | Noticed Dowan
  6049 | D:9      | Killed Dowan
  6051 | D:9      | Killed Duvessa
  6105 | D:9      | Noticed Psyche
  6121 | D:9      | Killed Psyche
  6121 | D:9      | Reached XP level 10. HP: 67/73 MP: 7/9
  6193 | D:9      | Found a snail-covered altar of Cheibriados.
  6508 | D:10     | Entered Level 10 of the Dungeon
  6541 | D:10     | Reached skill level 1 in Evocations
  7005 | D:10     | Reached skill level 11 in Unarmed Combat
  7476 | D:11     | Noticed Nergalle
  7480 | D:11     | Noticed a spectral orc warlord
  7481 | D:11     | Noticed an elephant
  7482 | D:11     | Noticed an elephant
  7508 | D:10     | Killed a spectral orc warlord
  7687 | D:11     | Noticed a six-headed hydra
  7705 | D:11     | Noticed an unseen horror
  7711 | D:11     | Killed an unseen horror
  7720 | D:11     | Noticed a cyclops
  7725 | D:11     | Noticed an elephant
  7735 | D:11     | Killed an elephant
  7739 | D:11     | Killed an elephant
  7739 | D:11     | Acquired Okawaru's second power
  7747 | D:11     | Killed a cyclops
  7778 | D:11     | Received a gift from Okawaru
  7782 | D:11     | Got a fine shield {god gift}
  7794 | D:11     | Identified the -5 shield of Xini Loga {Str+2 Int+3} (Okawaru gifted it to you on level 11 of the Dungeon)
  7824 | D:11     | Noticed an elephant
  7837 | D:11     | Killed an elephant
  7837 | D:11     | Reached skill level 12 in Unarmed Combat
  7837 | D:11     | Reached XP level 11. HP: 45/80 MP: 15/18
  7859 | D:11     | Noticed an elephant
  7859 | D:11     | Noticed an elephant
  8194 | D:6      | Found a staircase to the Orcish Mines.
  8202 | Orc:1    | Entered Level 1 of the Orcish Mines
  9001 | Orc:2    | Reached skill level 5 in Evocations
  9418 | Orc:3    | Noticed Erolcha
  9685 | D:11     | Killed an elephant
  9688 | D:11     | Noticed an elephant
  9696 | D:11     | Killed an elephant
  9711 | D:11     | Found a staircase to the Lair.
  9727 | D:11     | Killed an elephant
  9749 | D:11     | Lost mutation: Your body is slowly deteriorating. [potion of cure mutation]
  9749 | D:11     | Lost mutation: Your digestive system is specialised to digest meat. [potion of cure mutation]
  9749 | D:11     | Lost mutation: You are robust (+10% HP). [potion of cure mutation]
  9763 | D:11     | Noticed an elephant
  9792 | D:11     | Killed an elephant
  9933 | D:11     | Noticed Urug
 10076 | D:11     | Killed Urug
 10405 | D:11     | Killed Nergalle
 10419 | D:11     | Killed an elephant
 10458 | D:11     | Killed a six-headed hydra
 10458 | D:11     | Reached skill level 13 in Unarmed Combat
 10692 | D:11     | Noticed a skeletal warrior
 10692 | D:11     | Noticed a skeletal warrior
 10692 | D:11     | Noticed a skeletal warrior
 10954 | Lair:1   | Entered Level 1 of the Lair of Beasts
 10968 | Lair:1   | Reached XP level 12. HP: 69/81 MP: 18/21
 11027 | Lair:1   | Noticed Econoterrorist's ghost (powerful TrMo)
 11040 | Lair:1   | Killed Econoterrorist's ghost
 11171 | Lair:1   | Found a frozen archway.
 11201 | Lair:1   | Gained mutation: Your body is slowly deteriorating. [potion of mutation]
 11201 | Lair:1   | Gained mutation: You are resistant to hostile enchantments. [potion of mutation]
 11201 | Lair:1   | Lost mutation: Your body is slowly deteriorating. [potion of mutation]
 11278 | IceCv    | Entered an ice cave
 11667 | Lair:1   | Reached skill level 10 in Fighting
 11947 | Lair:1   | Received a gift from Okawaru
 12795 | Lair:2   | Noticed a six-headed hydra
 13018 | Lair:2   | Killed a six-headed hydra
 13241 | Lair:2   | Noticed Gastronok
 13262 | Lair:2   | Killed Gastronok
 13262 | Lair:2   | Reached skill level 14 in Unarmed Combat
 13578 | Lair:3   | Found a staircase to the Shoals.
 13895 | Lair:3   | Found a hole to the Spider Nest.
 14243 | Lair:3   | Noticed a five-headed hydra
 14253 | Lair:3   | Killed a five-headed hydra
 14253 | Lair:3   | Reached XP level 13. HP: 69/89 MP: 23/25
 14801 | Lair:4   | Found a white marble altar of Elyvilon.
 14821 | Lair:4   | Reached skill level 5 in Stealth
 14943 | Lair:4   | Noticed Deemzul's ghost (powerful DsMo)
 14975 | Lair:4   | Killed Deemzul's ghost
 16687 | Shoals:1 | Entered Level 1 of the Shoals
 17351 | Lair:2   | Received a gift from Okawaru
 17831 | Orc:2    | Noticed an orc knight
 17842 | Orc:2    | Noticed an orc warlord
 17844 | Orc:2    | Killed an orc knight
 17881 | Orc:2    | Killed an orc warlord
 18297 | D:13     | Found Wiaplousm's Armour Shoppe.
 18408 | D:13     | Reached skill level 10 in Evocations
 18454 | D:13     | Found a white marble altar of Elyvilon.
 18509 | D:13     | Reached skill level 15 in Unarmed Combat
 18936 | D:13     | Reached skill level 5 in Dodging
 19069 | D:14     | Entered Level 14 of the Dungeon
 19161 | D:14     | Reached XP level 14. HP: 89/96 MP: 27/27
 19385 | D:14     | Noticed Nikola
 19644 | Shoals:1 | Noticed a kraken
 19661 | Shoals:1 | Demolished by a tentacle

Action                   |  1- 3 |  4- 6 |  7- 9 | 10-12 | 13-15 || total
-------------------------+-------+-------+-------+-------+-------++-------
Melee: Unarmed           |    59 |   139 |   344 |   837 |   561 ||  1940
 Fire: Blowgun           |       |       |       |       |    16 ||    16
Invok: Heroism           |       |       |    10 |    37 |    28 ||    75
       Finesse           |       |       |       |     2 |     3 ||     5
Evoke: Wand              |       |       |     7 |    11 |     9 ||    27
  Use: Scroll            |       |     9 |    13 |     9 |    15 ||    46
       Potion            |       |     1 |     4 |    11 |     4 ||    20
 Stab: Sleeping          |     7 |    12 |    13 |    27 |    21 ||    80
       Paralysed         |       |       |     2 |       |       ||     2
       Distracted        |       |       |       |     2 |     1 ||     3
